cohdb
Replays
Latest Replays
All Replays
Popular Replays
Top Player Replays
Match Explorer
How It Works
Community
CoH3 Stats
Reddit
Sign in to upload your games and track your stats! →
Sign in with Steam
Match 44691197
Unlisted
Match 44691197
Overview
Messages
Build Orders
End
Vickers Machine Gun Team
Construct Section Command Post
Dingo Light Scout Car
ML 3-inch Mortar Team
Selects Air and Sea Battlegroup
Infantry Section
Construct Platoon Command Post
Selects Commando Section Paradrop
Selects Commando Support Section Paradrop
Commando Support Section Paradrop
Commando Section Paradrop
6-pounder Anti-tank Gun Team
Selects Supply Surplus
Construct Field Infirmary
Forward Retreat Point
Infantry Training
Construct Company Command Post
Unlock M3 Grant Medium Tanks
M3 Grant Medium Tank
Vivian
crilles
ComradeIgor
potatoo
kingdom
ManFrau
YEPCLOCK
Loki
0
0
Comments
sign in to comment!
No comments posted yet!